 Dungeon Crawl Stone Soup version 0.29-a0-1052-g6990b1bffc (webtiles) character file.

Game seed: 5377469333048008187

186 kae the Firebug (level 5, -6/28 HPs)
             Began as a Deep Elf Fire Elementalist on Aug 17, 2022.
             Mangled by a lemure (7 damage)
             ... led by Pikel
             ... on level 3 of the Dungeon.
             The game lasted 00:02:26 (3385 turns).

kae the Firebug (Deep Elf Fire Elementalist)        Turns: 3385, Time: 00:02:27

Health: -6/28      AC:  3    Str:  5    XL:     5   Next: 38%
Magic:  10/13      EV: 13    Int: 22    God:
Gold:   64         SH:  0    Dex: 15    Spells: 6/12 levels left

rFire   . . .      SeeInvis .   (no weapon)
rCold   . . .      Faith    .   (no shield)
rNeg    . . .      Spirit   .   k - +1 robe "Noshuem" {rCorr}
rPois   .          Reflect  .   (no helmet)
rElec   .          Harm     .   (no cloak)
rCorr   +          Rampage  .   (no gloves)
Will    .....                   (no boots)
Stlth   ++........              (no amulet)
HPRegen 0.09/turn               R - ring of resist corrosion
MPRegen 0.13/turn               (no ring)

@: brilliant
A: no striking features
a: no special abilities


You were on level 3 of the Dungeon.
You visited 1 branch of the dungeon, and saw 4 of its levels.

You collected 64 gold pieces.


   Skills:
 + Level 3.4 Dodging
 - Level 2.4 Stealth
 + Level 4.0 Spellcasting
 * Level 3.4 Conjurations
 * Level 4.8 Fire Magic


You had 6 spell levels left.
You knew the following spells:

 Your Spells              Type           Power      Damage    Failure   Level
a - Foxfire               Conj/Fire      100%       2x1d9     1%          1
b - Scorch                Fire           76%        2d8       2%          2
c - Conjure Flame         Conj/Fire      33%        6-21      6%          3

Your spell library contained the following spells:

 Spells                   Type           Power      Damage    Failure   Level
 Inner Flame              Hex/Fire       22%        N/A       12%         3
 Flame Wave               Conj/Fire      33%        2d10      21%         4

Inventory:

Missiles
 c - 12 stones
 h - 5 silver boomerangs
 j - 4 javelins
 l - 2 boomerangs
Armour
 a - a +1 robe
 i - an orb of energy
   (You found it on level 2 of the Dungeon)
 k - the +1 robe "Noshuem" (worn) {rCorr}
   (You found it on level 3 of the Dungeon)

   rCorr:     It protects you from acid and corrosion.
Jewellery
 R - a ring of resist corrosion (left hand)
   (You found it on level 2 of the Dungeon)
Scrolls
 g - a scroll of enchant armour
Potions
 b - a potion of magic
 e - 4 potions of curing {@q1}

Dungeon Overview and Level Annotations

Branches:
Dungeon (4/15) Zot: 20607
 Temple: D:4-7

Altars:
Ashenzari
Dithmenos
Elyvilon
Ru
Trog
Zin

Annotations:
D:3 Ijyb, Sigmund
D:4 Pikel

#.###########.#.#.#### #.#.
#.############.#.## #.#.
#.##.....§§# ##..# #.#.
#.##.#...#§#####.# #)..
#........§§§.....##########
####.#...#§#####..<.)......
#.#####5# #.###..##...
#§#####5# #.###..##.#.
#§§§§.5@# ###.##........
######### #......<.#....
#.#......##...
#.####...[....
#.##....###### #.##.##.#
### #.......# #.. #.......#
#.. #.......# #..


You could see 3 lemures.


Message History

Found a stone staircase leading down.
You see here a +0 spear.
You see here a +0 club.
A ball python comes into view.
A ball python is nearby!
A ball python is nearby!
A ball python is nearby!
Casting: Foxfire (safe; 1% risk of failure)
Confirm with . or Enter, or press ? or * to list all spells.
You conjure some foxfire!
The foxfire hits the ball python!
You kill the ball python! 😎 MP[-1]
You lost 1 mp, and now have 12/13 mp.
Casting: Foxfire (safe; 1% risk of failure)
Confirm with . or Enter, or press ? or * to list all spells.
You conjure some foxfire! 😎 MP[-1]
You lost 1 mp, and now have 11/13 mp.
m - an amethyst potion 😎 MP[+2]
Your mp is fully restored (13).
You see here a +0 whip.
Found a bloodstained altar of Trog.
No target in view!
There is an open door here.
There is an open door here.
You open the door.
Found a broken altar of Ashenzari.
There is an open door here.
There is an open door here.
You see here a +0 pair of gloves.
There is a stone staircase leading down here.
Partly explored, can't reach some places.
Partly explored, can't reach some places.
Partly explored, can't reach some places.
Partly explored, can't reach some places.
As you read the scroll of identify {@r1}, it crumbles to dust.
m - a potion of brilliance
(D) Dungeon
Where to? (Enter - D:3, ? - help)
You see here a +0 flail.
There is a stone staircase leading down here.
You climb downwards.
Pikel shouts!
The lemure shouts! x3
There is a stone staircase leading up here.
There are monsters nearby!
Unknown command.
The lemure hits you! The lemure hits you. The lemure misses you.
You climb upwards.
Level annotation: Ijyb, Sigmund
There is a stone staircase leading down here. 😮 HP[-13]
You take 13 damage, and now have 15/28 hp.
MASSIVE DAMAGE!! (PAUSE)
Okay, then.
You feel clever all of a sudden. The lemure hits you but does no damage.
The dart slug launches a dart at you. The slug dart misses you.
There are monsters nearby!
Really read
f - a scroll of poison {!r}?
Really read the scroll of poison?
The air fills with toxic fumes!
As you read the scroll of poison {!r}, it crumbles to dust.
The lemure hits you!
* * * LOW HITPOINT WARNING * * *
The dart slug launches a dart at you. The slug dart misses you. 😨 HP[-6]
You take 6 damage, and now have 9/28 hp.
MASSIVE DAMAGE!! (PAUSE)
Casting: Foxfire (safe; 1% risk of failure)
Confirm with . or Enter, or press ? or * to list all spells.
You feel a surge of power!
Flames lash the dart slug.
The dart slug's fire resistance burns away.
The lemure misses you. The dart slug launches a dart at you.
The slug dart hits you.
* * * LOW HITPOINT WARNING * * *
The lemure hits you!
* * * LOW HITPOINT WARNING * * *
😱 HP[-8] MP[-1]
You take 8 damage, and now have 1/28 hp.
MASSIVE DAMAGE!! (PAUSE)
You lost 1 mp, and now have 12/13 mp.
Casting: Scorch (safe; 2% risk of failure)
Confirm with . or Enter, or press ? or * to list all spells.
You feel a surge of power!
Flames lash the dart slug.
The dart slug is burned terribly!
You kill the dart slug!
The lemure closely misses you. The lemure misses you. 😱 MP[-1]
You lost 1 mp, and now have 11/13 mp.
Casting: Scorch (safe; 2% risk of failure)
Confirm with . or Enter, or press ? or * to list all spells.
You feel a surge of power!
Flames lash the lemure.
The lemure's fire resistance burns away.
The lemure hits you!
You die...

Skill      XL: |  1  2  3  4  5 |
---------------+----------------+-----
Conjurations   | 2 3 |  3.4
Fire Magic     | 4 |  4.8
Dodging        | 3 |  3.4
Spellcasting   | 4 |  4.0
Stealth        | |  2.4

Action                   |  1- 3 |  4- 6 || total
-------------------------+-------+-------++-------
Melee: Unarmed           |     7 |     3 ||    10
 Cast: Foxfire           |    60 |    37 ||    97
       Scorch            |     9 |     6 ||    15
  Use: Scroll            |     3 |     4 ||     7
       Potion            |     2 |     1 ||     3
Armor: Robe              |     2 |     7 ||     9
       Skin              |    10 |     2 ||    12
Dodge: Dodged            |     7 |    21 ||    28

Levels and vault maps discovered:
D:1:      nzn_arrival_depleted_hourglass, layout_basic,
          shapermc_ecumenical_altar_hornbeckon
D:2:      layout_loops_ring
D:3:      layout_loops_cross, nicolae_overflow_quartered_altars,
          nicolae_overflow_squiral, uniq_ijyb, uniq_sigmund
D:4:      layout_loops_corners, minmay_fractal_squares_5, uniq_pikel,
          uniq_edmund, uniq_blork_the_orc, uniq_grinder, uniq_robin, uniq_pargi

Notes
Turn   | Place    | Note
-------+----------+-------------------------------------------
     0 | D:1      | kae the Deep Elf Fire Elementalist began the quest for the
                  | Orb.
     0 | D:1      | Reached XP level 1. HP: 10/10 MP: 6/6
     0 | D:1      | magus.rc [v1.11.3]
    86 | D:1      | HP: 1/10 [dart slug/slug dart (3)]
   385 | D:1      | Reached XP level 2. HP: 15/15 MP: 5/8
   469 | D:1      | Found a faded altar of an unknown god.
   758 | D:1      | Learned a level 2 spell: Scorch
   965 | D:2      | Reached skill level 2 in Conjurations
  1230 | D:2      | Reached skill level 4 in Fire Magic
  1230 | D:2      | Reached XP level 3. HP: 19/19 MP: 2/9
  1234 | D:2      | Learned a level 3 spell: Conjure Flame
  1858 | D:3      | Reached XP level 4. HP: 20/24 MP: 5/11
  1861 | D:3      | Reached skill level 3 in Dodging
  2047 | D:3      | Found a white marble altar of Elyvilon.
  2083 | D:3      | Found a glowing silver altar of Zin.
  2109 | D:3      | HP: 6/24 [orc/boomerang (4)]
  2134 | D:4      | Noticed an ogre
  2433 | D:3      | Reached skill level 3 in Conjurations
  2525 | D:3      | Noticed Sigmund
  2641 | D:3      | Identified the +1 robe "Noshuem" {rCorr}
  2741 | D:3      | Found a sacrificial altar of Ru.
  2751 | D:3      | Found a shadowy altar of Dithmenos.
  2775 | D:3      | Reached XP level 5. HP: 28/28 MP: 5/12
  2781 | D:3      | Reached skill level 4 in Spellcasting
  2955 | D:3      | Noticed Ijyb
  3237 | D:3      | Found a bloodstained altar of Trog.
  3253 | D:3      | Found a broken altar of Ashenzari.
  3376 | D:4      | Noticed Pikel
  3376 | D:4      | Noticed a lemure
  3376 | D:4      | Noticed a lemure
  3376 | D:4      | Noticed a lemure
  3376 | D:4      | Noticed a lemure
  3382 | D:3      | HP: 1/28 [lemure[Pikel] (7)]
  3385 | D:3      | Mangled by a lemure

Vanquished Creatures
  An orc priest (D:3)
  2 orc wizards (D:3)
  An adder (D:2)
  4 gnolls (D:3)
  A worm (D:2)
  2 dart slugs
  5 orcs
  7 bats
  3 endoplasms (D:3)
  2 giant cockroaches (D:2)
  6 goblins
  2 hobgoblins
  3 quokkas
  3 ball pythons
  4 frilled lizards
  3 kobolds
  6 rats
55 creatures vanquished.

Vanquished Creatures (collateral kills)
  2 foxfires (D:1)
2 creatures vanquished.

Vanquished Creatures (others)
  154 foxfires
154 creatures vanquished.

Grand Total: 211 creatures vanquished

Table legend:
 A = Non-vault XP
 B = Vault XP
 C = Vault XP percentage of total XP
 D = Non-vault monster count
 E = Vault monster count
 F = Vault count percentage of total count
                 A         B        C        D         E       F
            +---------+---------+-------+---------+---------+-------
      Total |     266 |       0 |   0.0 |      55 |       0 |   0.0
            +---------+---------+-------+---------+---------+-------
        D:1 |      33 |       0 |   0.0 |      23 |       0 |   0.0
        D:2 |      37 |       0 |   0.0 |      13 |       0 |   0.0
        D:3 |     196 |       0 |   0.0 |      19 |       0 |   0.0
            +---------+---------+-------+---------+---------+-------

Illustrated notes

Table legend:
 A = Kills in this place as a percentage of kills in entire the game.
 B = Kills by you in this place as a percentage of kills by you in the entire game.
 C = Kills by friends in this place as a percentage of kills by friends in the entire game.
 D = Other kills in this place as a percentage of other kills in the entire game.
 E = Experience gained in this place as a percentage of experience gained in the entire game.
 F = Experience gained in this place divided by the number of levels of this place that you have seen.
                   A       B       C       D       E      F
               +-------+-------+-------+-------+-------+----------------------
         Total | 100.0 | 100.0 |   N/A |   N/A | 100.0 |  66.5
       Dungeon | 100.0 | 100.0 |   N/A |   N/A | 100.0 |  66.5
               +-------+-------+-------+-------+-------+----------------------

Table legend: (Time is in decaauts)
 A = Elapsed time spent in this place.
 B = Non-inter-level travel time spent in this place.
 C = Inter-level travel time spent in this place.
 D = Time resting spent in this place.
 E = Time spent auto-exploring this place.
 F = Levels seen in this place.
 G = Mean time per level.
                   A        B        C        D        E       F      G
               +--------+--------+--------+--------+--------+-----+--------+
         Total |   3391 |   3274 |    117 |    396 |   2446 |   4 |  847.8 |
       Dungeon |   3391 |   3274 |    117 |    396 |   2446 |   4 |  847.8 |
               +--------+--------+--------+--------+--------+-----+--------+

Top non-repeatable levels by time:
     D:3: 1286 daAuts
     D:2: 1137 daAuts
     D:1: 964 daAuts
     D:4: 3 daAuts
